Map: Одиссея РВ

Players

ИИ 1 (эксперт) - Winner!

  • Race: Protoss Protoss
  • Spawn Location: 5:00

Doll

  • Race: Zerg Zerg
  • Spawn Location: 11:00

VOD

Have the link to the VOD?

Description

Time

  • Played on: Oct. 5, 2022, 3:44 p.m.
  • Length: 6:27
Show
View Real Time Build Order
Export as new Build Order

ИИ 1 (эксперт) Protoss - Winner!

Build Orders:  

Get SALT Encoding   

  12  0:00  Probe  
  13  0:13  Probe  
  14  0:20  Pylon  
  14  0:25  Probe  
  15  0:34  Probe  
  15  0:42  Probe  
  16  0:47  Assimilator  
  17  0:50  Gateway  
  17  0:52  Probe  
  18  1:00  Probe  
  18  1:01  Pylon  
  19  1:08  Probe  
  20  1:18  Probe  
  21  1:30  Probe  
  22  1:37  Cybernetics Core  
  22  1:39  Zealot  
  24  1:42  Probe  
  25  1:59  Nexus  
  25  2:00  Probe  
  25  2:03  Warp Gate  
  25  2:08  Probe  
  27  2:17  Stalker, Probe  
  30  2:29  Probe  
  31  2:30  Pylon  
  31  2:40  Gateway  
  31  2:43  Assimilator  
  31  2:47  Adept  
  31  2:48  Probe  
  34  3:00  Probe  
  34  3:01  Pylon  
  35  3:10  Adept  
  35  3:11  Probe  
  35  3:12  Probe  
  39  3:23  Probe  
  39  3:26  Robotics Facility  
  40  3:28  Adept  
  40  3:31  Probe  
  43  3:35  Probe  
  43  3:40  Adept  
  46  3:43  Probe  
  46  3:47  Probe  
  48  3:55  Probe  
  49  3:56  Pylon  
  49  3:59  Probe  
  50  4:05  Probe, Adept  
  53  4:12  Probe  
  53  4:13  Probe  
  53  4:15  Immortal  
  58  4:18  Stalker  
  58  4:22  Pylon, Probe  
  58  4:23  Stalker  
  58  4:24  Probe  
  65  4:33  Probe  
  65  4:34  Robotics Facility  
  66  4:40  Stalker  
  68  4:47  Probe  
  68  4:48  Probe  
  70  4:54  Immortal  
  70  4:55  Pylon  
  70  4:58  Pylon  
  74  5:03  Stalker  
  74  5:07  Stalker  
  78  5:13  Probe x2  
  80  5:21  Immortal  
  84  5:29  Pylon  
  84  5:30  Zealot  
  84  5:34  Twilight Council  
  86  5:38  Assimilator  
  86  5:41  Assimilator  
  86  5:52  Gateway  
  86  5:53  Zealot  
  74  6:02  Probe  
  59  6:05  Zealot  
  59  6:10  Probe  
  58  6:13  Templar Archives, Probe  
  58  6:14  Zealot  
  59  6:25  Zealot  
Show
View Real Time Build Order
Export as new Build Order

Doll Zerg 

Build Orders: Hatch First 

Get SALT Encoding   

  12  0:00  Drone  
  13  0:08  Drone  
  14  0:15  Extractor  
  14  0:16  Drone  
  15  0:22  Overlord  
  15  0:41  Drone x2  
  17  0:45  Drone  
  18  0:58  Hatchery  
  18  1:00  Extractor  
  18  1:01  Drone  
  17  1:06  Drone  
  18  1:16  Drone  
  19  1:25  Spawning Pool  
  18  1:27  Drone  
  19  1:37  Overlord  
  19  1:50  Drone  
  20  1:59  Drone  
  21  2:12  Queen x2, Zergling x4  
  21  2:14  Metabolic Boost  
  27  2:20  Drone  
  27  2:22  Drone  
  29  2:31  Drone  
  29  2:33  Drone  
  29  2:35  Spine Crawler  
  30  2:42  Drone x2  
  32  3:01  Zergling x2  
  32  3:03  Zergling x2  
  32  3:05  Hatchery  
  33  3:06  Zergling x2  
  33  3:07  Zergling x2  
  35  3:14  Overlord  
  35  3:17  Drone  
  36  3:20  Overlord  
  37  3:34  Drone x3  
  37  3:35  Drone  
  37  3:36  Drone  
  37  3:39  Queen  
  43  3:46  Zergling x2  
  44  3:49  Zergling x6  
  44  3:53  Overlord  
  47  3:58  Drone  
  48  4:04  Drone  
  48  4:08  Drone  
  50  4:12  Drone  
  51  4:17  Zergling x8  
  51  4:20  Zergling x2  
  56  4:27  Zergling x2  
  56  4:30  Zergling x4  
  59  4:33  Drone  
  60  4:39  Drone, Roach Warren  
  60  4:41  Drone  
  60  4:43  Zergling x2  
  60  4:44  Lair  
  62  4:45  Pneumatized Carapace  
  62  4:47  Zergling x4, Overlord  
  62  4:49  Zergling x2  
  62  4:52  Zergling x2  
  66  5:00  Baneling Nest, Drone  
  66  5:01  Overlord  
  66  5:02  Overlord  
  66  5:07  Zergling x2  
  66  5:11  Zergling x2  
  68  5:14  Zergling x8  
  68  5:20  Drone  
  73  5:22  Drone  
  73  5:25  Drone  
  75  5:30  Drone  
Tags
 
Add a new tag
Caveats
  • Supply blocks, unpowered buildings, or Contaminate may cause inaccurate times.
  • Supply counts are checked every 10 seconds.